[gd_scene load_steps=5 format=2]

[ext_resource path="res://ui/hud/confirm_popup/ConfirmPopup.gd" type="Script" id=1]
[ext_resource path="res://ui/common/DefaultPanel.tscn" type="PackedScene" id=5]
[ext_resource path="res://ui/common/GenericButton.tscn" type="PackedScene" id=6]

[sub_resource type="StyleBoxFlat" id=1]
bg_color = Color( 0, 0, 0, 1 )
border_color = Color( 0.8, 0.8, 0.8, 0 )
corner_radius_top_left = 8
corner_radius_top_right = 8
corner_radius_bottom_right = 8
corner_radius_bottom_left = 8

[node name="ConfirmPopup" type="CenterContainer"]
anchor_right = 1.0
anchor_bottom = 1.0
script = ExtResource( 1 )
__meta__ = {
"_edit_use_anchors_": false
}
label_path = NodePath("ConfirmDialog/MarginContainer/Layout/Label")
yes_path = NodePath("ConfirmDialog/MarginContainer/Layout/Options/YesButton")
no_path = NodePath("ConfirmDialog/MarginContainer/Layout/Options/NoButton")

[node name="ConfirmDialog" parent="." instance=ExtResource( 5 )]
margin_left = 468.0
margin_top = 306.0
margin_right = 812.0
margin_bottom = 414.0
custom_styles/panel = SubResource( 1 )

[node name="MarginContainer" type="MarginContainer" parent="ConfirmDialog"]
margin_right = 344.0
margin_bottom = 108.0
custom_constants/margin_right = 16
custom_constants/margin_top = 16
custom_constants/margin_left = 16
custom_constants/margin_bottom = 16

[node name="Layout" type="VBoxContainer" parent="ConfirmDialog/MarginContainer"]
margin_left = 16.0
margin_top = 16.0
margin_right = 328.0
margin_bottom = 92.0

[node name="Label" type="Label" parent="ConfirmDialog/MarginContainer/Layout"]
margin_right = 312.0
margin_bottom = 32.0
rect_min_size = Vector2( 128, 32 )
text = "Are you sure? This is your last chance!"
align = 1
valign = 1

[node name="Options" type="HBoxContainer" parent="ConfirmDialog/MarginContainer/Layout"]
margin_top = 36.0
margin_right = 312.0
margin_bottom = 76.0
rect_min_size = Vector2( 0, 40 )
custom_constants/separation = 16
alignment = 1

[node name="YesButton" parent="ConfirmDialog/MarginContainer/Layout/Options" instance=ExtResource( 6 )]
margin_left = 112.0
margin_right = 152.0
text = "yes"

[node name="NoButton" parent="ConfirmDialog/MarginContainer/Layout/Options" instance=ExtResource( 6 )]
margin_left = 168.0
margin_right = 200.0
text = "no"
